AoeStats
← sAvAgE

MegaRandom

510879335Analyzed
3v3 RM · 19h ago on Oct 2, 2026· 79m 58s· 6 players
Game mode
Random Map
Map size
Normal (6 player)
Population
200
Speed
Normal
Resources
Standard
Victory
Conquest
Starting age
Dark Age
Ending age
Imperial Age
RankedLock teamsTeams togetherTeam positionsShared explorationLock speedFull tech treeHidden civsTurbo modeCheats
Victory
Defeat
🇨🇦 Vietnamese · Canada
1134
+10
🇨🇭 Lithuanians · Switzerland
963
+16
🇨🇦 Spanish · Canada
940
+16
🇺🇸 Ethiopians · United States
1002
-15
🇳🇴 Vietnamese · Norway
965
-14
🇺🇸 Gurjaras · United States
953
-13
Celtezz
11:41 Feudal Age
15:59 Castle Age
14:45 Double-Bit Axe
15:34 Loom
15:37 Horse Collar
23:25 Bow Saw
24:40 Fletching
25:01 Gold Mining
25:34 Bodkin Arrow
26:01 Heavy Plow
27:37 Wheelbarrow
28:11 Padded Archer Armor
31:56 Ballistics
37:40 Imperial Age
35:41 Stone Mining
36:00 Murder Holes
36:54 Hand Cart
36:58 Leather Archer Armor
36:37 Treadmill Crane
38:46 Paper Money
38:48 Elite Rattan Archer
40:46 Bracer
41:49 Chemistry
41:22 Ring Archer Armor
41:07 Siege Engineers
43:06 Two-Man Saw
42:38 Crop Rotation
42:58 Town Watch
43:18 Squires
43:04 Arson
43:34 Scale Mail Armor
43:44 Forging
44:26 Pikeman
49:48 Thumb Ring
49:40 Elite Skirmisher
52:29 Chain Mail Armor
52:49 Iron Casting
51:38 Halberdier
54:18 Stone Shaft Mining
65:09 Masonry
65:31 Plate Mail Armor
67:00 Bloodlines
66:58 Scale Barding Armor
66:57 Husbandry
66:17 Elite Battle Elephant
70:12 Capped Ram
73:08 Chatras
DPtheBananaKing
10:59 Feudal Age
18:53 Castle Age
16:51 Horse Collar
18:11 Double-Bit Axe
21:24 Arson
21:52 Forging
21:44 Scale Mail Armor
26:22 Padded Archer Armor
32:50 Imperial Age
30:40 Gold Mining
31:05 Bow Saw
31:17 Stone Mining
31:31 Heavy Plow
31:48 Chain Mail Armor
33:18 Wheelbarrow
32:31 Loom
35:09 Royal Heirs
35:50 Iron Casting
36:22 Elite Shotel Warrior
42:13 Plate Mail Armor
44:21 Blast Furnace
43:26 Squires
51:08 Gold Shaft Mining
50:52 Hand Cart
52:58 Torsion Engines
54:03 Chemistry
Chef_boyar_dee
3:38 Loom
11:27 Feudal Age
16:12 Castle Age
GoogleWise
11:44 Feudal Age
12:16 Loom
13:10 Double-Bit Axe
18:56 Castle Age
19:27 Horse Collar
30:01 Wheelbarrow
29:42 Stone Mining
29:45 Gold Mining
32:36 Fletching
34:54 Ballistics
37:53 Hand Cart
39:10 Heavy Plow
42:28 Imperial Age
42:46 Bloodlines
42:37 Husbandry
42:38 Bodkin Arrow
42:49 Scale Barding Armor
42:45 Padded Archer Armor
42:58 Forging
43:37 Cavalier
44:48 Guard Tower
46:37 Keep
50:35 Elite Conquistador
53:43 Onager
62:28 Light Cavalry
63:23 Paladin
69:38 Chemistry
68:35 Murder Holes
68:26 Arrowslits
70:18 Hussar
80:51 Iron Casting
80:36 Chain Barding Armor
80:18 Scale Mail Armor
80:27 Bracer
sAvAgE
2:42 Loom
12:28 Feudal Age
13:11 Double-Bit Axe
16:33 Horse Collar
20:35 Castle Age
18:55 Gold Mining
19:25 Fletching
19:35 Padded Archer Armor
20:45 Forging
20:36 Scale Mail Armor
21:54 Thumb Ring
30:22 Heavy Plow
30:34 Bow Saw
30:14 Crossbowman
32:23 Stone Mining
33:02 Bodkin Arrow
33:23 Leather Archer Armor
36:04 Wheelbarrow
38:12 Hand Cart
41:01 Treadmill Crane
41:44 Ballistics
44:23 Imperial Age
46:04 Chemistry
45:57 Bracer
46:27 Ring Archer Armor
45:28 Arbalester
46:32 Paper Money
49:24 Chain Mail Armor
49:45 Iron Casting
53:52 Plate Mail Armor
53:34 Elite Skirmisher
53:36 Pikeman
53:40 Elite Fire Lancer
56:36 Elite Rattan Archer
59:17 Halberdier
74:08 Two-Man Saw
75:58 Imperial Skirmisher
80:03 Caravan
Meninkain
5:00 Loom
10:12 Feudal Age
16:15 Double-Bit Axe
17:18 Horse Collar
19:35 Wheelbarrow
24:00 Castle Age
22:11 Gold Mining
23:14 Forging
24:09 Scale Barding Armor
24:41 Bloodlines
27:06 Husbandry
28:42 Iron Casting
29:48 Fervor
31:44 Sanctity
32:41 Hand Cart
32:55 Chain Barding Armor
34:52 Town Watch
36:08 Fletching
36:21 Stone Mining
37:26 Bodkin Arrow
39:16 Town Patrol
39:28 Devotion
40:30 Caravan
47:04 Imperial Age
49:51 Imperial Age
52:12 Hill Forts
55:06 Imperial Age
58:55 Conscription
57:57 Elite Leitis
60:13 Masonry
61:06 Chemistry
60:02 Murder Holes
59:42 Cavalier
61:01 Plate Barding Armor
60:27 Bracer
64:33 Conscription
65:31 Paladin
68:59 Hoardings
71:01 Elite Leitis
71:43 Tower Shields
Connection lost

Rejoining the realm…

Still unreachable

The connection could not be restored.

Session expired

The server has moved on; the page needs a fresh start.